 Dungeon Crawl Stone Soup version 0.27-a0-1177-g245c70e1c0 (webtiles) character file.

Game seed: 11139260678471729590

49132 Glokmah the Impaler (level 14, -2/115 HPs)
             Began as a Demonspawn Hedge Wizard on May 15, 2021.
             Was the Champion of Yredelemnul.
             Killed from afar by a salamander mystic (21 damage)
             ... with a bolt of magma
             ... in a volcano on May 16, 2021.
             The game lasted 01:05:18 (19824 turns).

Glokmah the Impaler (Demonspawn Hedge Wizard)      Turns: 19824, Time: 01:05:19

Health: -2/115     AC: 22    Str: 15    XL:     14   Next: 14%
Magic:  19/21      EV: 15    Int: 18    God:    Yredelemnul [******]
Gold:   2152       SH:  0    Dex: 14    Spells: 12/23 levels left

rFire    + . .     SeeInvis .   a - +7 halberd of the Postmodern Songs {freeze, rC+}
rCold    + . .     Faith    .   (shield currently unavailable)
rNeg     . . .     Spirit   .   D - +2 scale mail {rF+}
rPois    +         Reflect  .   t - +2 helmet {Int+3}
rElec    .         Harm     .   j - +2 cloak
rCorr    .         Rampage  .   r - +2 pair of gloves
Will     +....                  (no boots)
Stlth    +.........             (no amulet)
HPRegen  0.29/turn              k - +4 ring of evasion
MPRegen  0.17/turn              I - ring of poison resistance

@: no status effects
A: claws 2, yellow scales 2, powered by death 1, spiny 2
a: Renounce Religion, Recall Undead Slaves, Injury Mirror, Animate Dead, Drain
Life, Enslave Soul


You were in a volcano.
You worshipped Yredelemnul.
Yredelemnul was exalted by your worship.
You visited 3 branches of the dungeon, and saw 16 of its levels.
You also visited: Volcano.

You collected 3346 gold pieces.
You spent 1194 gold pieces at shops.

Inventory:

Hand Weapons
 a - the +7 halberd of the Postmodern Songs (weapon) {freeze, rC+}
   (You bought it in a shop on level 2 of the Dungeon)

   It has been specially enchanted to freeze those struck by it, causing extra
   injury to most foes and up to half again as much damage against particularly
   susceptible opponents.
   It can also slow down cold-blooded creatures.
   It protects you from cold.
 b - a +4 halberd of venom
 c - a +5 antimagic spear
 G - the +3 rapier of Nies {speed, Str+3 SInv}
   (You bought it in a shop on level 2 of the Dungeon)

   Attacks with this weapon are significantly faster.
   It affects your strength (+3).
   It lets you see invisible.
 S - the +9 hand axe of Nyeleuf {vamp, rElec rC++ rCorr Int-5}
   (You found it on level 5 of the Lair of Beasts)

   It inflicts no extra harm, but heals its wielder when it wounds a living foe.
   It affects your intelligence (-5).
   It greatly protects you from cold.
   It insulates you from electricity.
   It protects you from acid and corrosion.
Missiles
 e - 7 curare-tipped darts (quivered)
 i - 74 sling bullets
 l - 424 stones
 m - 6 boomerangs of dispersal
 y - 38 poisoned darts
 H - 4 throwing nets
 L - 4 silver javelins
 U - 20 javelins
Armour
 j - a +2 cloak (worn)
 r - a +2 pair of gloves (worn)
 t - a +2 helmet of intelligence (worn)
 A - +0 steam dragon scales
 D - a +2 scale mail of fire resistance (worn)
Magical Staves
 T - a staff of death
Jewellery
 g - an amulet of faith
 k - a +4 ring of evasion (left hand)
 I - a ring of poison resistance (right hand)
 V - a +4 ring of evasion
 Y - a +6 ring of dexterity
Wands
 n - a wand of digging (9)
 u - a wand of iceblast (4)
 x - a wand of paralysis (22)
 B - a wand of flame (37)
 F - a wand of charming (7)
 R - a wand of acid (25)
Scrolls
 d - 9 scrolls of teleportation
 h - a scroll of vulnerability
 v - a scroll of amnesia
 M - a scroll of magic mapping
 N - a scroll of blinking
 P - 2 scrolls of fog
 W - a scroll of immolation
Potions
 f - a potion of resistance
 o - 2 potions of haste
 p - 3 potions of magic
 q - 5 potions of curing
 s - 4 potions of heal wounds
 w - a potion of cancellation
 z - 4 potions of flight
 C - a potion of lignification
 E - 4 potions of brilliance
 J - a potion of mutation
 K - 3 potions of might
 Q - a potion of berserk rage
 Z - a potion of attraction {unknown}


   Skills:
 + Level 12.1 Fighting
 * Level 15.0 Polearms
 - Level 5.0 Armour
 - Level 6.0 Dodging
 - Level 1.7 Stealth
 + Level 5.2 Spellcasting
 - Level 3.0 Conjurations
 - Level 1.0 Summonings
 * Level 2.2 Necromancy
 + Level 3.3 Translocations
 - Level 2.0 Transmutations
 - Level 2.0 Air Magic
 - Level 2.0 Earth Magic
 - Level 3.0 Poison Magic
 - Level 8.0 Invocations


You had 12 spell levels left.
You knew the following spells:

 Your Spells              Type           Power      Damage    Failure   Level
a - Magic Dart            Conj           60%        1d6       14%         1
b - Blink                 Tloc           N/A        N/A       19%         2
c - Passwall              Tmut/Erth      9%         N/A       30%         2
d - Mephitic Cloud        Conj/Pois/Air  14%        N/A       43%         3
e - Vampiric Draining     Necr           6%         2d6       50%         3

Your spell library contained the following spells:

 Spells                   Type           Power      Damage    Failure   Level
 Animate Skeleton         Necr           24%        N/A       19%         1
 Pain                     Necr           48%        1d6       19%         1
 Beastly Appendage        Tmut           22%        N/A       21%         1
 Sandblast                Erth           22%        2d7       21%         1
 Sublimation of Blood     Necr           6%         N/A       28%         2
 Wereblood                Tmut           11%        N/A       30%         2
 Corona                   Hex            4%         N/A       43%         1
 Call Imp                 Summ           8%         N/A       43%         2
 Spider Form              Tmut/Pois      6%         N/A       45%         3
 Stone Arrow              Conj/Erth      26%        3d8       45%         3
 Ensorcelled Hibernation  Hex/Ice        8%         N/A       56%         2
 Slow                     Hex            4%         N/A       56%         2
 Conjure Flame            Conj/Fire      10%        6-21      58%         3
 Dazzling Flash           Conj/Hex       20%        N/A       58%         3
 Confusing Touch          Hex            4%         N/A       80%         3
 Tukima's Dance           Hex            4%         N/A       80%         3
 Animate Dead             Necr           6%         N/A       88%         4
 Petrify                  Tmut/Erth      11%        N/A       90%         4
 Fulminant Prism          Conj/Hex       5%         3d7       94%         4
 Summon Lightning Spire   Summ/Air       10%        N/A       94%         4
 Ice Form                 Ice/Tmut       8%         N/A       97%         4
 Summon Ice Beast         Ice/Summ       6%         N/A       98%         4
 Iskenderun's Battlesphe  Conj           15%        2d7       98%         5
 Cause Fear               Hex            2%         N/A       99%         4
 Agony                    Necr           12%        N/A       99%         5
 Hydra Form               Tmut           5%         N/A       99%         5
 Irradiate                Conj/Tmut      6%         3d15      99%         5
 Lee's Rapid Deconstruct  Erth           5%         3d7*      99%         5
 Bolt of Magma            Conj/Fire/Erth 5%         4d5       100%        5
 Metabolic Englaciation   Hex/Ice        2%         N/A       100%        5
 Silence                  Hex/Air        4%         N/A       100%        5
 Yara's Violent Unravell  Hex/Tmut       4%         3d4       100%        5
 Blade Hands              Tmut           5%         N/A       100%        6
 Conjure Ball Lightning   Conj/Air       6%         3x3d6     100%        6
 Freezing Cloud           Conj/Ice/Air   5%         6-21      100%        6
 Invisibility             Hex            4%         N/A       100%        6
 Iron Shot                Conj/Erth      6%         9d2       100%        6
 Simulacrum               Ice/Necr       4%         N/A       100%        6
 Statue Form              Tmut/Erth      7%         N/A       100%        6
 Dragon Form              Tmut           5%         N/A       100%        7
 Orb of Destruction       Conj           7%         9d3       100%        7
 Ozocubu's Refrigeration  Ice            2%         4d5       100%        7
 Spellforged Servitor     Conj/Summ      5%         N/A       100%        7
 Borgnjor's Revivificati  Necr           6%         N/A       100%        8
 Discord                  Hex            2%         N/A       100%        8
 Infestation              Necr           6%         N/A       100%        8
 Necromutation            Tmut/Necr      6%         N/A       100%        8
 Death's Door             Necr           6%         N/A       100%        9
 Tornado                  Air            5%         N/A       100%        9


Dungeon Overview and Level Annotations

Branches:
Dungeon (9/15)             Temple (0/1) D:4            Lair (6/6) D:9
 Shoals (0/4) Lair:4       Spider (0/4) Lair:3        Slime (0/5) Lair:5
    Orc (1/2) D:9         Volcano (1/1)

Altars:
Fedhas
Hepliaklqana
Kikubaaqudgha
Makhleb
Nemelex Xobeh
Okawaru
Qazlal
Sif Muna
Trog
Yredelemnul
Zin
The Shining One

Shops:
D:1 (   D:2 (*([   D:8 ?(

Annotations:
D:4 exclusion: oklob sapling


Innate Abilities, Weirdness & Mutations

You have very sharp fingernails.
You are mostly covered in yellow scales. (AC +3)
You regenerate a little health from kills.
You are mostly covered in sharp spines.


Message History

You kill the salamander mystic!
Yredelemnul accepts your kill.
The salamander mystic hits you with a +0 quarterstaff!
* * * LOW HITPOINT WARNING * * *
You are engulfed in flames.
You resist.
* * * LOW HITPOINT WARNING * * *
As you read the scroll of teleportation, it crumbles to dust.
You feel strangely unstable. The salamander mystic misses you.
The red draconian is engulfed in blazing flames.
The red draconian breathes fire at you.
The searing blast hits the efreet but does no damage.
The searing blast hits you. You resist.
* * * LOW HITPOINT WARNING * * *
The molten gargoyle blasts magma at you!
The bolt of magma hits you. You partially resist.
* * * LOW HITPOINT WARNING * * *
The red draconian is engulfed in blazing flames.
The salamander mystic gestures at you while chanting.
The lance of force hits you but does no damage.
The red draconian is engulfed in blazing flames.
Your surroundings seem slightly different.
The red draconian hits you with a +0 dire flail.
* * * LOW HITPOINT WARNING * * *
Blink to where?
Press: ? - help, Dir - move target, p - salamander mystic
As you read the scroll of blinking, it crumbles to dust.
The red draconian is engulfed in blazing flames.
You see here 6 large rocks.
The efreet gestures at you.
The bolt of fire misses the salamander mystic.
The bolt of fire misses you.
Blink to where?
Press: ? - help, Dir - move target
Okay, then.
Cast which spell? (? or * to list)
You blink.
The salamander mystic points at you and mumbles some strange words.
The bolt of magma hits you!! You partially resist.
You die...
Your body rises from the dead as a mindless zombie.

###############.....####
#≈≈............8...8....
#≈≈....(.........⌠......
###..##########.....####
#..# ###### #.....# #..#
#.##.# #8...8#
#.§###'##'#########
#..N...R9)....#
#....@.d.°....#
############''# #....#
#...#.# #..#≈≈≈# 9..#d≈≈
# ..#≈ ≈≈≈≈ ..#≈ ○≈≈≈
..#§ °≈≈≈≈#


You could see a red draconian, a salamander mystic (fast), an efreet and a
molten gargoyle.

Vanquished Creatures
  2 hydras
  A merfolk avatar (Lair:6)
  A death yak (Lair:2)
  A salamander mystic (Volcano)
  A goliath frog (Lair:4)
  A sea snake (Lair:6)
  A harpy (Lair:6)
  A manticore (Lair:6)
  3 cyclopes (Volcano)
  7 elephants
  Maurice (D:9)
  3 black mambas
  A gargoyle (Volcano)
  12 cane toads
  3 rime drakes
  5 komodo dragons
  A troll (D:9)
  A tyrant leech (Lair:4)
  3 polar bears (Lair:6)
  2 hornets (Lair:6)
  7 blink frogs
  A wind drake (Lair:4)
  3 dream sheep (Lair:4)
  A tarantella (Lair:3)
  3 wyverns
  A basilisk (Lair:2)
  16 yaks
  A steam dragon (D:7)
  A vampire mosquito (Lair:4)
  The ghost of kuniqs the Conjurer, an amateur DsCj of Gozag (D:4)
  A swamp worm (Lair:4)
  11 water moccasins
  2 orc warriors
  A black bear (D:6)
  2 sky beasts
  An ogre (D:5)
  30 wolves
  5 centaurs
  2 phantoms
  2 kobold brigands
  22 bullfrogs
  4 scorpions
  3 water moccasin skeletons
  35 killer bees
  A wight (Lair:3)
  5 howler monkeys
  2 hounds
  A centaur zombie (D:9)
  2 orc priests
  A bullfrog skeleton (D:6)
  A jelly (D:7)
  3 gnoll shamans
  2 iguanas (D:4)
  Crazy Yiuf (D:7)
  Natasha (twice) (D:3)
  2 orc wizards
  2 killer bee zombies
  A cane toad zombie (Lair:3)
  19 gnolls
  2 adders
  A shadow imp (D:6)
  An ufetubus (D:6)
  A worm (D:4)
  A dart slug (D:4)
  10 orcs
  3 ball pythons
  8 endoplasms
  7 giant cockroaches
  4 goblins
  4 hobgoblins
  5 jackals
  4 bats
  2 frilled lizards (D:2)
  13 kobolds
  4 rats
322 creatures vanquished.

Vanquished Creatures (collateral kills)
  Kirke (Lair:5)
  The ghost of Qoihe the Destroyer, a journeyman DrCj of Vehumet (Lair:2)
  6 hydras
  A catoblepas (Lair:6)
  Erica (D:9)
  3 swamp dragons (Lair:4)
  A harpy (Lair:6)
  A manticore (Lair:4)
  A black mamba (Lair:6)
  15 elephants
  An ice statue (Lair:2)
  A torpor snail (Lair:6)
  8 cane toads
  3 rime drakes (Lair:6)
  2 komodo dragons
  2 wind drakes (Lair:6)
  A hornet (Lair:6)
  2 polar bears (Lair:6)
  7 blink frogs
  A dream sheep (Lair:4)
  A wyvern (Lair:6)
  3 basilisks
  33 yaks
  A vampire mosquito (Lair:4)
  A steam dragon (D:8)
  2 hogs (Lair:5)
  2 swamp worms (Lair:4)
  5 water moccasins
  An ogre (D:4)
  6 wolves
  A centaur (Lair:3)
  A wyvern zombie (D:8)
  3 bullfrogs
  A gnoll sergeant (D:9)
  17 killer bees
  3 wights (D:9)
  A howler monkey (D:9)
  An orc priest (D:8)
  A gnoll shaman (D:9)
  An orc wizard (D:8)
  3 gnolls (D:9)
  A white imp (D:7)
  2 orcs (D:7)
  3 endoplasms
  A giant cockroach (D:2)
  A goblin (D:1)
  2 hobgoblins (D:1)
  A jackal (D:1)
  A ball python (D:4)
  A killer bee zombie (D:9)
  A kobold (D:7)
  A bush (Lair:6)
162 creatures vanquished.

Vanquished Creatures (others)
  2 skeletal warriors (Lair:6)
  2 flying skulls
  2 vampires
  A wraith (Lair:6)
  2 wights
  A swamp worm zombie (Lair:4)
  An orc wizard (D:7)
  A sea snake zombie (Lair:6)
  A black mamba zombie (Lair:6)
  2 mummies (D:9)
  A tyrant leech zombie (Lair:4)
  4 cane toad zombies
  4 hydra zombies
  A harpy zombie (Lair:6)
  A torpor snail zombie (Lair:6)
  A vampire mosquito zombie (Lair:4)
  A wyvern zombie (Lair:3)
  2 blink frog zombies (Lair:6)
  An elephant zombie (Lair:6)
  A polar bear zombie (Lair:6)
  3 water moccasin zombies
  2 rime drake zombies (Lair:6)
  2 scorpion zombies
  A cyclops zombie (Volcano)
  2 orcs (D:7)
  An ogre zombie (D:5)
  13 yak zombies
  An adder skeleton (D:5)
  8 bullfrog zombies
  A centaur zombie (D:8)
  2 giant cockroach zombies
  A gnoll skeleton (D:7)
  10 gnoll zombies
  4 howler monkey zombies
  22 killer bee zombies (D:9)
  2 kobold zombies (D:7)
  9 orc zombies
  11 wolf zombies
  105 fungi
  214 plants
446 creatures vanquished.

Grand Total: 930 creatures vanquished

Notes
Turn   | Place    | Note
-------+----------+-------------------------------------------
     0 | D:1      | Glokmah the Demonspawn Hedge Wizard began the quest for the
                  | Orb.
     0 | D:1      | Reached XP level 1. HP: 13/13 MP: 4/4
    44 | D:1      | Reached skill level 1 in Translocations
   267 | D:1      | Found a faded altar of an unknown god.
   272 | D:1      | Became a worshipper of Yredelemnul the Dark
   272 | D:1      | Reached * piety under Yredelemnul
   359 | D:1      | Gained mutation: You regenerate a little health from kills.
                  | [demonic ancestry]
   359 | D:1      | Reached XP level 2. HP: 13/20 MP: 6/6
   759 | D:1      | Found Relaot Numa's Antique Weapon Emporium.
  1436 | D:1      | Reached skill level 1 in Invocations
  1698 | D:1      | Reached skill level 1 in Fighting
  2118 | D:1      | Gained mutation: You have sharp fingernails. [demonic
                  | ancestry]
  2118 | D:1      | Reached XP level 3. HP: 26/26 MP: 3/7
  2231 | D:2      | Found Muillen's Assorted Antiques.
  2246 | D:2      | Found Qekhiass's Antique Weapon Shoppe.
  2512 | D:2      | Reached ** piety under Yredelemnul
  2580 | D:2      | Found Uvat's Antique Weapon Shoppe.
  2712 | D:2      | Found a hazy altar of Hepliaklqana.
  2722 | D:2      | Found Japn's Armour Shoppe.
  3127 | D:3      | Learned a level 2 spell: Blink
  3128 | D:3      | Identified a scroll of acquirement
  3128 | D:3      | Acquired 595 gold pieces
  3172 | D:2      | Bought a jewelled rapier for 207 gold pieces
  3172 | D:2      | Identified the +3 rapier of Nies {speed, Str+3 SInv} (You
                  | bought it in a shop on level 2 of the Dungeon)
  3178 | D:2      | Bought an ancient halberd for 207 gold pieces
  3178 | D:2      | Identified the +7 halberd of the Postmodern Songs {freeze,
                  | rC+} (You bought it in a shop on level 2 of the Dungeon)
  3452 | D:3      | Noticed Natasha
  3455 | D:3      | Killed Natasha
  3456 | D:3      | Gained mutation: You are partially covered in yellow
                  | scales. (AC +2) [demonic ancestry]
  3456 | D:3      | Reached XP level 4. HP: 32/32 MP: 9/9
  3490 | D:3      | Noticed Natasha
  3901 | D:4      | Found a staircase to the Ecumenical Temple.
  4005 | D:4      | Acquired 371 gold pieces
  4040 | D:3      | Killed Natasha
  4041 | D:3      | Reached skill level 1 in Polearms
  4110 | D:4      | Gained mutation: You are mostly covered in yellow scales.
                  | (AC +3) [demonic ancestry]
  4110 | D:4      | Reached XP level 5. HP: 37/38 MP: 10/10
  4253 | D:4      | Reached skill level 2 in Polearms
  4415 | D:4      | Reached XP level 6. HP: 46/46 MP: 11/11
  4595 | D:4      | Found a large runed translucent door.
  4595 | D:4      | Found a large runed translucent door.
  4596 | D:4      | Noticed kuniqs's ghost (amateur DsCj)
  4618 | D:4      | Killed kuniqs's ghost
  4619 | D:4      | Reached skill level 3 in Polearms
  4641 | D:4      | Found a bloodstained altar of Trog.
  4670 | D:4      | Found an ancient bone altar of Kikubaaqudgha.
  4690 | D:4      | Noticed a sky beast
  4697 | D:4      | Killed a sky beast
  4698 | D:4      | Gained mutation: You are partially covered in sharp spines.
                  | [demonic ancestry]
  4698 | D:4      | Reached XP level 7. HP: 52/52 MP: 13/13
  4709 | D:4      | Found a burning altar of Makhleb.
  5046 | D:4      | Found a sparkling altar of Nemelex Xobeh.
  5185 | D:5      | Entered Level 5 of the Dungeon
  5407 | D:5      | Reached skill level 4 in Polearms
  5540 | D:5      | Reached skill level 5 in Invocations
  5595 | D:5      | Reached XP level 8. HP: 37/60 MP: 11/14
  6812 | D:6      | Reached skill level 5 in Polearms
  6988 | D:6      | Found a shimmering blue altar of Sif Muna.
  7010 | D:6      | Found a blossoming altar of Fedhas.
  7611 | D:7      | Reached *** piety under Yredelemnul
  8186 | D:7      | Learned a level 2 spell: Passwall
  8289 | D:7      | Gained mutation: You are mostly covered in sharp spines.
                  | [demonic ancestry]
  8289 | D:7      | Reached XP level 9. HP: 30/67 MP: 13/15
  8322 | D:7      | Received a gift from Yredelemnul (2 flying skulls)
  8325 | D:7      | Reached skill level 6 in Polearms
  8329 | D:7      | Reached skill level 1 in Earth Magic
  8330 | D:7      | Reached skill level 5 in Fighting
  8441 | D:7      | Found a runed translucent door.
  8442 | D:7      | Noticed Crazy Yiuf
  8448 | D:7      | Killed Crazy Yiuf
  8449 | D:7      | Reached skill level 1 in Transmutations
  9136 | D:8      | Found a stormy altar of Qazlal.
  9222 | D:8      | Found a hazy altar of Hepliaklqana.
  9257 | D:8      | Found Tyoryiry's Magic Scroll Shoppe.
  9263 | D:8      | Bought a scroll of acquirement for 676 gold pieces
  9266 | D:8      | Acquired a +0 helmet of intelligence
  9285 | D:8      | Received a gift from Yredelemnul (a mummy)
  9297 | D:8      | Identified the -6 kite shield of the Ten Glowing Stars
                  | {Int+3}
  9455 | D:8      | Found Ecek's Weapon Shoppe.
  9590 | D:9      | Found a staircase to the Orcish Mines.
  9663 | D:9      | Reached skill level 7 in Polearms
  9676 | D:9      | Received a gift from Yredelemnul (a mummy)
  9690 | D:9      | Reached skill level 8 in Polearms
  9703 | D:9      | Noticed a troll
  9705 | D:9      | Noticed an elephant
  9723 | D:9      | Reached **** piety under Yredelemnul
  9769 | D:9      | Reached XP level 10. HP: 77/77 MP: 16/16
  9820 | D:9      | Learned a level 3 spell: Mephitic Cloud
 10028 | D:9      | Received a gift from Yredelemnul (a wight)
 10029 | D:9      | Reached skill level 1 in Poison Magic
 10034 | D:9      | Reached skill level 1 in Air Magic
 10084 | D:9      | Noticed Erica
 10111 | D:9      | Reached skill level 9 in Polearms
 10203 | D:9      | Acquired 1061 gold pieces
 10737 | D:9      | Found an iron altar of Okawaru.
 10738 | D:9      | Noticed Maurice
 10820 | D:9      | Received a gift from Yredelemnul (a vampire)
 10985 | D:9      | Paralysed by Maurice for 5 turns
 10991 | D:9      | Killed Maurice
 11009 | D:9      | Found a staircase to the Lair.
 11119 | D:9      | Killed Erica
 11199 | Lair:1   | Entered Level 1 of the Lair of Beasts
 11452 | Lair:1   | Noticed a black mamba
 11454 | Lair:1   | Reached skill level 10 in Polearms
 11461 | Lair:1   | Killed a black mamba
 11755 | D:8      | Bought a scroll of identify for 26 gold pieces
 11755 | D:8      | Bought a scroll of identify for 26 gold pieces
 11755 | D:8      | Bought a scroll of identify for 26 gold pieces
 11755 | D:8      | Bought a scroll of identify for 26 gold pieces
 12117 | Lair:1   | Noticed a black mamba
 12122 | Lair:1   | Killed a black mamba
 12123 | Lair:1   | Reached XP level 11. HP: 82/86 MP: 17/17
 12692 | Lair:2   | Reached ***** piety under Yredelemnul
 12704 | Lair:2   | Reached skill level 1 in Armour
 12705 | Lair:2   | Received a gift from Yredelemnul (a wight)
 12856 | Lair:2   | Found a transporter.
 12856 | Lair:2   | Noticed Qoihe's ghost (journeyman DrCj)
 12856 | Lair:2   | Noticed a death yak
 12866 | Lair:2   | Found a transporter.
 12893 | Lair:2   | Reached skill level 5 in Spellcasting
 13038 | Lair:2   | Noticed a six-headed hydra
 13049 | Lair:2   | Killed a seven-headed hydra
 13050 | Lair:2   | Reached skill level 11 in Polearms
 14287 | Lair:2   | Killed Qoihe's ghost
 14294 | Lair:2   | Killed a death yak
 14643 | Lair:2   | Upgraded the game from 0.27-a0-1158-gaa87e14f67 to
                  | 0.27-a0-1177-g245c70e1c0
 14814 | Lair:3   | Found a hole to the Spider Nest.
 15085 | Lair:3   | Gained mutation: You have very sharp fingernails. [demonic
                  | ancestry]
 15085 | Lair:3   | Reached XP level 12. HP: 94/94 MP: 19/19
 15220 | Lair:3   | Reached skill level 5 in Dodging
 15230 | Lair:3   | Received a gift from Yredelemnul (a vampire)
 15252 | Lair:3   | Learned a level 3 spell: Vampiric Draining
 15274 | Lair:3   | Found a bloodstained altar of Trog.
 15586 | Lair:3   | Reached skill level 5 in Armour
 15588 | Lair:3   | Received a gift from Yredelemnul (a wight)
 15845 | Lair:4   | Noticed a six-headed hydra
 15853 | Lair:4   | Killed an eight-headed hydra
 15972 | Lair:4   | Received a gift from Yredelemnul (a skeletal warrior)
 16006 | Lair:4   | Noticed a seven-headed hydra
 16013 | Lair:4   | Killed a ten-headed hydra
 16022 | Lair:4   | Reached skill level 12 in Polearms
 16119 | Lair:4   | Noticed a seven-headed hydra
 16128 | Lair:4   | Killed an eight-headed hydra
 16626 | Lair:4   | Reached skill level 10 in Fighting
 16838 | Lair:4   | Found a staircase to the Shoals.
 17329 | Lair:5   | Identified the +9 hand axe of Nyeleuf {vamp, rElec rC++
                  | rCorr Int-5}
 17503 | Lair:5   | Found a staircase to the Slime Pits.
 17592 | Lair:5   | Noticed Kirke
 17604 | Lair:5   | Killed Kirke
 17606 | Lair:5   | Reached skill level 13 in Polearms
 17750 | Lair:5   | Noticed a seven-headed hydra
 17762 | Lair:5   | Killed a ten-headed hydra
 17763 | Lair:5   | Reached XP level 13. HP: 80/104 MP: 6/20
 18343 | Lair:6   | Entered Level 6 of the Lair of Beasts
 18424 | Lair:6   | Received a gift from Yredelemnul (a skeletal warrior)
 18460 | Lair:6   | Received a gift from Yredelemnul (a skeletal warrior)
 18470 | Lair:6   | Received a gift from Yredelemnul (a wraith)
 18492 | Lair:6   | Reached skill level 14 in Polearms
 18511 | Lair:6   | Reached ****** piety under Yredelemnul
 18531 | Lair:6   | Received a gift from Yredelemnul (a skeletal warrior)
 18582 | Lair:6   | Received a gift from Yredelemnul (a wraith)
 18827 | Lair:6   | Received a gift from Yredelemnul (a wraith)
 18852 | Lair:6   | Reached XP level 14. HP: 112/115 MP: 21/21
 18921 | Lair:6   | Identified the +4 flail "Hinirada" {freeze, rPois rN+}
 19075 | Lair:6   | Reached skill level 15 in Polearms
 19078 | Lair:6   | Reached skill level 1 in Necromancy
 19185 | Lair:6   | Received a gift from Yredelemnul (a vampire)
 19267 | Lair:6   | Identified the Incunabulum of Enchanting Stolen Souls
 19620 | Orc:1    | Entered Level 1 of the Orcish Mines
 19624 | Orc:1    | Found a dark tunnel.
 19633 | Volcano  | Entered a volcano
 19824 | Volcano  | Killed from afar by a salamander mystic

Illustrated notes

Levels and vault maps discovered:
D:1:      amcnicky_arrival_wind_blow, layout_loops_cross,
          ebering_ecumenical_altar_sacrificial, serial_shops, nicolae_shop_stone
D:2:      layout_loops_ring, basic_altar, serial_shops, shop, shop_statue, shop,
          shop
D:3:      layout_basic, uniq_natasha
D:4:      layout_basic, nemelex_dance_club_becter, kiku_gazebo_pond_becter,
          lemuel_crystal_altar, kennysheep_little_box,
          minmay_temple_entry_oklob, serial_bayou, serial_bayou_pond_d,
          serial_bayou_crossing, serial_bayou_lake_a, serial_bayou_shore_b,
          ebering_ghost_disaster_area
D:5:      layout_cave_pools
D:6:      layout_basic, lemuel_blue_sif_altar, nicolae_overflow_crystal_walls
D:7:      layout_basic, old_standard_altar, uniq_crazy_yiuf_cottage
D:8:      layout_basic, kennysheep_mini_moat, lemuel_doored_altar, serial_shops,
          shop, nicolae_shop_statue_plus
D:9:      wad_woods_minihive, layout_rooms, tso_oasis_becter, lemuel_tele_altar,
          lair_entry_dummy, uniq_maurice, uniq_erica
Lair:1:   layout_hall_layers
Lair:2:   cheibrodos_lair_river_kwai, layout_loops_ring, nzn_ghost_randoct,
          beast_lair_carwin_10
Lair:3:   layout_roguey, spider_nest_entry_rubble, serial_bayou_pond_c,
          lemuel_centaur_altar
Lair:4:   onia_ninara_swampy_vault, layout_cave_pods, minmay_shoals_entry_beasts
Lair:5:   layout_cave_pods, dpeg_slime_entry_corner, uniq_kirke
Lair:6:   gammafunk_lair_ancient_temple, layout_misc_corridors
Orc:1:    layout_diamond_mine, nicolae_volcano_entry_two_sided
Volcano:  hellmonk_zot_springs

Skill      XL: |  1  2  3  4  5  6  7  8  9 10 11 12 13 14 |
---------------+-------------------------------------------+-----
Translocations | 1 3 |  3.3
Invocations    | 1 2 3 5 7 8 |  8.0
Fighting       | 1 2 3 4 6 8 10 12 | 12.1
Polearms       | 1 2 3 4 5 8 10 11 13 14 15 | 15.0
Conjurations   | 2 3 |  3.0
Spellcasting   | 4 5 |  5.2
Earth Magic    | 2 |  2.0
Transmutations | 2 |  2.0
Poison Magic   | 2 3 |  3.0
Air Magic      | 2 |  2.0
Dodging        | 4 6 |  6.0
Armour         | 4 5 |  5.0
Necromancy     | 2 |  2.2
Stealth        | |  1.7
Summonings     | |  1.0

Action                   |  1- 3 |  4- 6 |  7- 9 | 10-12 | 13-15 || total
-------------------------+-------+-------+-------+-------+-------++-------
Melee: Dagger            |    85 |       |       |       |       ||    85
       Mace              |    50 |       |       |       |       ||    50
       Halberd           |     5 |    60 |   221 |   356 |   252 ||   894
       Rapier            |       |       |       |     5 |       ||     5
       Spear             |       |       |       |    19 |       ||    19
       Unarmed           |       |       |       |     1 |       ||     1
Throw: Dart              |       |       |     1 |     1 |       ||     2
 Cast: Magic Dart        |    20 |     5 |       |     3 |       ||    28
       Blink             |       |       |       |     1 |     1 ||     2
Invok: Animate Remains   |    16 |    11 |    12 |       |       ||    39
       Animate Dead      |       |       |    24 |    59 |    24 ||   107
       Recall Undead Sla |       |       |     3 |    12 |     4 ||    19
       Injury Mirror     |       |       |     1 |       |       ||     1
  Use: Scroll            |     2 |     4 |     4 |    24 |     7 ||    41
       Potion            |       |       |       |     1 |       ||     1
 Stab: Distracted        |     1 |       |       |     4 |     6 ||    11
       Sleeping          |     4 |     2 |     2 |     4 |       ||    12
       Petrified         |       |       |       |       |     1 ||     1
Armor: Robe              |    25 |     5 |    26 |       |       ||    56
       Steam dragon scal |       |       |    26 |   132 |    90 ||   248
       Scale mail        |       |       |       |       |    11 ||    11
Dodge: Dodged            |   109 |    41 |   200 |   283 |   187 ||   820

Table legend: (Time is in decaauts)
 A = Elapsed time spent in this place.
 B = Non-inter-level travel time spent in this place.
 C = Inter-level travel time spent in this place.
 D = Time resting spent in this place.
 E = Time spent auto-exploring this place.
 F = Levels seen in this place.
 G = Mean time per level.
                   A        B        C        D        E       F      G
               +--------+--------+--------+--------+--------+-----+--------+
         Total |  20009 |  18133 |   1876 |   2394 |  10653 |  17 | 1177.0 |
       Dungeon |  11985 |  10707 |   1278 |   1324 |   6647 |   9 | 1331.7 |
          Lair |   7825 |   7227 |    598 |    983 |   4006 |   6 | 1304.2 |
  Orcish Mines |     12 |     12 |      0 |      0 |      0 |   1 |   12.0 |
       Volcano |    185 |    185 |      0 |     87 |      0 |   1 |  185.0 |
               +--------+--------+--------+--------+--------+-----+--------+

Top non-repeatable levels by time:
     D:1: 2237 daAuts
     D:4: 2041 daAuts
  Lair:2: 1979 daAuts
     D:9: 1615 daAuts
  Lair:4: 1474 daAuts
     D:7: 1179 daAuts
  Lair:1: 1161 daAuts
  Lair:5: 1122 daAuts
     D:8: 1099 daAuts
     D:6: 1072 daAuts
  Lair:6: 1058 daAuts
  Lair:3: 1028 daAuts
     D:5: 938 daAuts
     D:3: 936 daAuts
     D:2: 864 daAuts
